 Dungeon Crawl Stone Soup version 0.23-a0-641-g0a7f1ce553 (webtiles) character file.

34 HereIgoKillingAgain the Chopper (level 3, -1/31 HPs)
             Began as a Hill Orc Fighter on Dec 30, 2018.
             Slain by a kobold
             ... wielding a +0 short sword
              (3 damage)
             ... on level 2 of the Dungeon.
             The game lasted 00:00:46 (683 turns).

HereIgoKillingAgain the Chopper (Hill Orc Fighter)   Turns: 683, Time: 00:00:46

Health: -1/31      AC:  3    Str: 18    XL:     3   Next: 31%
Magic:  3/3        EV: 10    Int:  9    God:
Gold:   24         SH:  4    Dex: 10    Spells: 2/2 levels left

rFire    . . .     SeeInvis .   a - +0 war axe
rCold    . . .     Gourm    .   i - +0 buckler
rNeg     . . .     Faith    .   g - +0 leather armour (curse)
rPois    .         Spirit   .   (no helmet)
rElec    .         Reflect  .   (no cloak)
rCorr    .         Harm     .   (no gloves)
MR       .....                  (no boots)
Stlth    +.........             (no amulet)
HPRegen  0.10/turn              (no ring)
MPRegen  0.08/turn              (no ring)

@: no status effects
A: no striking features
a: no special abilities


You were on level 2 of the Dungeon.
You were not hungry.

You visited 1 branch of the dungeon, and saw 2 of its levels.

You collected 24 gold pieces.

Inventory:

Hand Weapons
 a - a +0 war axe (weapon)
Armour
 b - a +0 scale mail
 c - a +0 shield
 g - a cursed +0 leather armour (worn)
 i - a +0 buckler (worn)
Scrolls
 e - 5 scrolls of identify {unknown}
Potions
 d - a potion of might
 h - a potion of mutation {unknown}
 j - a potion of heal wounds {unknown}
Comestibles
 f - a ration


   Skills:
 - Level 3.6 Fighting
 + Level 4.9 Axes
 - Level 3.2 Armour
 - Level 3.2 Shields


You had 2 spell levels left.
You didn't know any spells.
Your spell library was empty.

Dungeon Overview and Level Annotations

Branches:
Dungeon (2/15)

Altars:


Message History

A kobold comes into view. It is wielding a +0 short sword.
The kobold shouts!
The dart slug launches a dart at you. The slug dart misses you.
You miss the kobold.
The kobold hits you with a +0 short sword.
You block the kobold's attack.
You miss the kobold.
The kobold hits you with a +0 short sword.
* * * LOW HITPOINT WARNING * * *
You completely miss the kobold.
The kobold hits you with a +0 short sword.
* * * LOW HITPOINT WARNING * * *
You closely miss the kobold.
The kobold hits you with a +0 short sword.
* * * LOW HITPOINT WARNING * * *
The kobold closely misses you.
You closely miss the kobold.
The kobold hits you with a +0 short sword.
You die...

#.# .## . ##.## .?
.## #...# #. ...
#...#######. ##.###
#...... ..##
#....#####...#####.##
#..#.#......?....#.##
#...K..........>..†>
#.#@#...........#.##
# #.####..........##
..# #.###.#######
#### #.# #.# . #.#
#.# . #.. ..# #. ###
### ##


You could see a kobold.

Vanquished Creatures
  A worm (D:2)
  A dart slug (D:1)
  A giant cockroach (D:2)
  2 goblins (D:1)
  5 hobgoblins (D:1)
  4 jackals (D:1)
  3 bats (D:1)
  A frilled lizard (D:1)
  2 kobolds (D:1)
  8 rats (D:1)
28 creatures vanquished.

Notes
Turn   | Place    | Note
-------+----------+-------------------------------------------
     0 | D:1      | HereIgoKillingAgain the Hill Orc Fighter began the quest
                  | for the Orb.
     0 | D:1      | Reached XP level 1. HP: 19/19 MP: 1/1
    32 | D:1      | Reached skill level 3 in Axes
    74 | D:1      | Reached XP level 2. HP: 24/26 MP: 2/2
   149 | D:1      | Reached skill level 4 in Axes
   321 | D:1      | Reached XP level 3. HP: 24/31 MP: 3/3
   683 | D:2      | Slain by a kobold

Vault maps used:
D:1:      nzn_arrival_crosshair
D:2:      kennysheep_generic_room_9, uniq_crazy_yiuf_cottage

Skill      XL: |  1  2 |
---------------+-------+-----
Axes           | 3 4 |  4.9
Fighting       | |  3.6
Armour         | |  3.2
Shields        | |  3.2

Action                   || total
-------------------------++-------
Melee: War axe           ||    80
Armor: Scale mail        ||    17
       Leather armour    ||    11
Dodge: Dodged            ||    22
Block: Shield            ||    25
       Buckler           ||     8

Table legend:
 A = Non-vault XP
 B = Vault XP
 C = Vault XP percentage of total XP
 D = Non-vault monster count
 E = Vault monster count
 F = Vault count percentage of total count
                 A         B        C        D         E       F
            +---------+---------+-------+---------+---------+-------
      Total |      49 |       0 |   0.0 |      28 |       0 |   0.0
            +---------+---------+-------+---------+---------+-------
        D:1 |      42 |       0 |   0.0 |      26 |       0 |   0.0
        D:2 |       7 |       0 |   0.0 |       2 |       0 |   0.0
            +---------+---------+-------+---------+---------+-------
